 Dungeon Crawl Stone Soup version 0.31-a0-1074-g0b22e4e0f1 (webtiles) character file.

Game seed: 15542348324417983892

370 Forgeling the Digger (level 6, -6/73 HPs)
             Began as a Naga Earth Elementalist on Nov 26, 2023.
             Mangled by a river rat (7 damage)
             ... in a sewer.
             The game lasted 00:08:54 (3114 turns).

Forgeling the Digger (Naga Earth Elementalist)      Turns: 3114, Time: 00:08:55

Health: -6/73      AC:  4    Str: 10 (11) XL:     6   Next: 70%
Magic:  4/9        EV:  9    Int: 16 (17) God:
Gold:   92         SH:  0    Dex: 10 (11) Spells: 5/9 levels left

rFire   . . .        e - +0 short sword
rCold   . . .        (no shield)
rNeg    . . .        a - +0 robe
rPois   +            (no helmet)
rElec   .            k - +0 cloak
rCorr   .            (no gloves)
SInv    +            (no barding)
Will    .....        (no amulet) Stlth
                     (no ring)
HPRegen 0.32/turn    (no ring)
MPRegen 0.11/turn

%: no passive effects
@: berserking (expiring), quick
A: AC +2, large, see invisible, deformed body, poison resistance, slowness 2,
spit poison 1, naga tail 1
a: Spit Poison


You were in a sewer.
You visited 1 branch of the dungeon, and saw 3 of its levels.
You also visited: Sewer.

You collected 92 gold pieces.

Inventory:

Hand Weapons
 e - a +0 short sword (weapon)
 l - a +0 sling
Armour
 a - a +0 robe (worn)
 k - a +0 cloak (worn)
Magical Staves
 b - a staff of air
 j - a staff of conjuration
Jewellery
 h - a ring of fire
Scrolls
 d - 3 scrolls of torment {unknown}
 f - 2 scrolls of butterflies {unknown}
 g - a scroll of brand weapon {unknown}
 i - 2 scrolls of enchant armour {unknown}
 O - 2 scrolls of silence
 Y - a scroll of teleportation {@r3}
Potions
 c - a potion of degeneration
 m - 4 potions of enlightenment
 B - a potion of brilliance
 Q - a potion of magic


   Skills:
 - Level 1.5 Dodging
 - Level 3.0 Stealth
 - Level 2.0 Spellcasting
 - Level 1.0 Transmutations
 + Level 7.3 Earth Magic


You had 5 spell levels left.
You knew the following spells:

 Your Spells              Type           Power      Damage    Failure   Level
a - Sandblast             Erth           50%        2d12      1%          1
x - Stone Arrow           Conj/Erth      26%        3d8       14%         3

Your spell library contained the following spells:

 Spells                   Type           Power      Damage    Failure   Level
 Passwall                 Tmut/Erth      11%        N/A       5%          2
 Magic Dart               Conj           4%         1d3       21%         1
 Call Imp                 Summ           2%         N/A       30%         2
 Petrify                  Tmut/Erth      14%        N/A       36%         4
 Brom's Barrelling Bould  Conj/Erth      13%        2d4       41%         4
 Mephitic Cloud           Conj/Pois/Air  1%         N/A       52%         3


Dungeon Overview and Level Annotations

Branches:
Dungeon (3/15)              Sewer (1/1)

Altars:


Innate Abilities, Weirdness & Mutations

Your serpentine skin is tough. (AC +2)
You have supernaturally acute eyesight. (SInv)
Armour fits poorly on your strangely shaped body.
Your system is resistant to poisons. (rPois)
You cover ground very slowly.
You can spit poison.
You have a snake-like lower body.


Message History

The blast of sand hits the river rat.
The river rat is moderately wounded.
The river rat bites you!
* * * LOW HITPOINT WARNING * * *
The river rat bites you.
* * * LOW HITPOINT WARNING * * *
You aren't carrying any items that you can evoke.
Unknown command.
Unknown command.
Unknown command.
It was a potion of degeneration.
There was something very wrong with that liquid.
You feel weakened.
You feel dopey.
You feel clumsy. The river rat bites you.
* * * LOW HITPOINT WARNING * * *
A red film seems to cover your vision as you go berserk!
You feel yourself moving faster!
You feel mighty! The river rat bites you.
* * * LOW HITPOINT WARNING * * *
You barely miss the river rat.
The river rat is moderately wounded.
You hit the river rat.
The river rat is severely wounded.
You hit the river rat.
The river rat is severely wounded.
You barely miss the river rat.
The river rat is severely wounded.
You puncture the river rat!
You kill the river rat!
You hit the river rat.
The river rat is lightly wounded.
The river rat bites you!
* * * LOW HITPOINT WARNING * * *
You closely miss the river rat.
The river rat is lightly wounded.
You hit the river rat.
The river rat is heavily wounded.
You barely miss the river rat.
The river rat is heavily wounded.
The river rat bites you!
You die...

#####.≈.# S.~.~~≈~# ≈≈≈≈≈.≈.#
~~~~≈~# #~≈~# #### #~≈.# #...
#~≈.# #####'r#####~≈†#
.......@..~~~~.#
......†..~.~~~.#
#####++#####~≈~# #~≈.# #~≈~#
#####################~≈~#######
~.~~~~~.~~~~~†~~~...~~≈~≈≈≈≈≈≈≈
≈≈≈≈≈≈≈≈≈≈≈≈≈≈≈≈≈≈≈≈≈≈≈.≈≈≈≈≈≈≈
..~..~~~.~~~~~..~~~~~~~~≈≈≈≈≈≈≈


You could see a river rat.

Vanquished Creatures
  Grinder (D:3)
  7 adders
  5 river rats (Sewer)
  6 worms
  An orc (D:3)
  2 endoplasms
  6 giant cockroaches
  3 goblins
  A hobgoblin (D:3)
  2 jackals (Sewer)
  6 quokkas
  9 bats
  5 frilled lizards
  3 kobolds (D:1)
  4 rats
61 creatures vanquished.

Notes
Turn   | Place    | Note
-------+----------+-------------------------------------------
     0 | D:1      | Forgeling the Naga Earth Elementalist began the quest for
                  | the Orb.
     0 | D:1      | Reached XP level 1. HP: 15/15 MP: 3/3
   418 | D:1      | Reached XP level 2. HP: 22/22 MP: 3/5
  1339 | D:2      | Reached skill level 4 in Earth Magic
  1339 | D:2      | Reached XP level 3. HP: 28/28 MP: 3/6
  1866 | D:2      | Learned a level 3 spell: Stone Arrow
  2443 | D:3      | Found a faded altar of an unknown god.
  2469 | D:3      | Reached XP level 4. HP: 36/36 MP: 7/7
  2527 | D:3      | Noticed Grinder
  2544 | D:3      | Paralysed by Grinder for 3 turns
  2548 | D:3      | Killed Grinder
  2549 | D:3      | Reached skill level 6 in Earth Magic
  2549 | D:3      | Reached XP level 5. HP: 13/42 MP: 2/8
  2549 | D:3      | Reached XP level 6. HP: 15/49 MP: 2/9
  2711 | D:3      | Found a glowing drain.
  2715 | Sewer    | Entered a sewer
  2800 | Sewer    | Reached skill level 7 in Earth Magic
  3111 | Sewer    | HP: 1/73 [river rat (8)]
  3114 | Sewer    | Mangled by a river rat

Illustrated notes

Levels and vault maps discovered:
D:1:      sevenhm_arrival_forest_fort_large_2, layout_basic, serial_forest,
          infiniplex_forest_join, infiniplex_forest_zigzag_1,
          infiniplex_forest_zigzag_1, infiniplex_forest_clump_C,
          infiniplex_forest_lined_3_way, infiniplex_forest_clump_tiny,
          infiniplex_forest_side_room
D:2:      wad_lake_hut, layout_basic
D:3:      layout_loops_corners, dreamdust_ecumenical_altar_angels_and_demons,
          gup_sewer_entry_spiral, minivault_27, kennysheep_crisscross,
          uniq_grinder, uniq_robin
Sewer:    sewer_fruit_machine

Skill      XL: |  1  2  3  4  5  6 |
---------------+-------------------+-----
Earth Magic    | 4 6 7 |  7.3
Dodging        | |  1.5
Stealth        | |  3.0
Spellcasting   | |  2.0
Transmutations | |  1.0

Action                     |  1- 3 |  4- 6 || total
---------------------------+-------+-------++-------
  Melee: Short sword       |     7 |    30 ||    37
   Cast: Sandblast         |    33 |    49 ||    82
Ability: Spit Poison       |     3 |    10 ||    13
    Use: Scroll            |     5 |       ||     5
         Potion            |       |     2 ||     2
   Stab: Sleeping          |       |     1 ||     1
 Armour: Robe              |     4 |    59 ||    63
  Dodge: Dodged            |     8 |    37 ||    45

Table legend: (Time is in decaauts)
 A = Elapsed time spent in this place.
 B = Non-inter-level travel time spent in this place.
 C = Inter-level travel time spent in this place.
 D = Time resting spent in this place.
 E = Time spent auto-exploring this place.
 F = Levels seen in this place.
 G = Mean time per level.
                   A        B        C        D        E       F      G
               +--------+--------+--------+--------+--------+-----+--------+
         Total |   4084 |   3789 |    295 |    143 |   2667 |   4 | 1021.0 |
       Dungeon |   3609 |   3314 |    295 |     38 |   2515 |   3 | 1203.0 |
         Sewer |    474 |    474 |      0 |    105 |    151 |   1 |  474.0 |
               +--------+--------+--------+--------+--------+-----+--------+

Top non-repeatable levels by time:
     D:1: 1579 daAuts
     D:2: 1576 daAuts
   Sewer: 474 daAuts
     D:3: 453 daAuts
